 Dungeon Crawl Stone Soup version 0.20.1-1-g8b1a95d (webtiles) character file.

14255 kaze the Severer (level 11, -5/102 HPs)
             Began as a Minotaur Berserker on Sept 9, 2017.
             Was a High Priest of Trog.
             Slain by a polar bear (9 damage)
             ... in an ice cave.
             The game lasted 00:18:53 (8546 turns).

kaze the Severer (Minotaur Berserker)               Turns: 8546, Time: 00:18:53

Health: -5/102     AC: 16    Str: 23    XL:     11   Next: 86%
Magic:  3/3        EV:  9    Int:  4    God:    Trog [*****.]
Gold:   489        SH:  0    Dex: 12    Spells: 10/10 levels left

rFire    . . .     SeeInvis .   n - +2 broad axe (antimagic)
rCold    . . .     Gourm    .   (no shield)
rNeg     . . .     Faith    .   j - +1 plate armour
rPois    .         Spirit   .   (helmet restricted)
rElec    .         Reflect  .   (no cloak)
rCorr    .         Harm     +   (no gloves)
MR       ++...                  (no boots)
Stlth    ..........             B - amulet of harm
Regen    1.3/turn               (no ring)
MPRegen  0.1/turn               (no ring)

@: regenerating
A: retaliatory headbutt, horns 2
a: Berserk, Trog's Hand, Brothers in Arms, Burn Spellbooks, Renounce Religion


You were in an ice cave.
You worshipped Trog.
Trog was extremely pleased with you.
You were not hungry.

You visited 1 branch of the dungeon, and saw 11 of its levels.
You also visited: Ossuary and Ice Cave.

You collected 489 gold pieces.

Inventory:

Hand Weapons
 a - a +3 war axe of flaming
 n - a +2 antimagic broad axe (weapon)
Armour
 b - the +1 scale mail of the Serpent {Dex+3}
   (You found it on level 11 of the Dungeon)

   It affects your dexterity (+3).
 j - a +1 plate armour (worn)
Jewellery
 x - an uncursed amulet of the gourmand
 B - an amulet of harm (around neck)
Wands
 m - a wand of iceblast (5/15)
Scrolls
 e - 11 scrolls of teleportation
 g - 2 scrolls of fear
 o - 4 scrolls of remove curse
 q - 3 scrolls of identify
 u - 2 scrolls of enchant weapon
 v - 2 scrolls of magic mapping
 y - 2 scrolls of enchant armour
 C - a scroll of recharging
Potions
 k - 2 potions of brilliance
 l - 3 potions of might
 s - 4 potions of curing
 z - a potion of flight
Comestibles
 c - 7 bread rations
 d - 15 fruits
 f - 9 meat rations
 i - a royal jelly


   Skills:
 + Level 11.4 Fighting
 + Level 15.6 Axes
 + Level 11.4 Armour
 + Level 4.4 Dodging
 + Level 1.5 Stealth


You had 10 spell levels left.
You didn't know any spells.

Dungeon Overview and Level Annotations

Branches:
Dungeon (11/15)            Temple (0/1) D:4            Lair (0/6) D:10
    Orc (0/2) D:9

Altars:
Dithmenos
Fedhas
Kikubaaqudgha
Okawaru
Qazlal
Ru
Sif Muna
Zin

Shops:
D:5 :   D:7 *=

Annotations:
D:9 Psyche IceCv exclusion: ice statue


Innate Abilities, Weirdness & Mutations

You reflexively headbutt those who attack you in melee.
You have a pair of horns on your head.


Message History

* * * LOW HITPOINT WARNING * * *
The ice beast freezes you!
* * * LOW HITPOINT WARNING * * *
You hit the ice beast.
You headbutt the ice beast, but do no damage.
The ice beast is moderately wounded.
You barely miss the polar bear. The polar bear bites you!
* * * LOW HITPOINT WARNING * * *
The polar bear claws you but does no damage. x2
The ice beast hits you but does no damage.
Your skin crawls.
You feel resistant to hostile enchantments.
You feel quite a bit more hungry. The polar bear barely misses you.
The polar bear claws you but does no damage.
The polar bear closely misses you.
The ice beast hits you but does no damage.
You closely miss the ice beast.
The ice beast is moderately wounded.
You slash the polar bear! The polar bear bites you!
You die...

##.....##
##...##
#.††##
##†..#
##...#
##...##
#..†##
#..##
##.@#
##Yh# #..#
.... .....
....8..
....#...
..###.....


You could see an ice statue, a polar bear and an ice beast.

Vanquished Creatures
  The ghost of TepidLee the Spear-Bearer, a journeyman MiFi of Yredelemnul (D:10)
  5 two-headed ogres
  Nergalle (D:10)
  An unseen horror (D:10)
  The ghost of hilaritas the Geomancer, a novice DEEE of Vehumet (D:7)
  A gargoyle (D:11)
  The ghost of dxctxrx the Reanimator, a novice DENe (Ossuary)
  4 polar bears (IceCv)
  A hornet (D:7)
  The ghost of gobwax the Conjurer, an amateur DrCj (D:4)
  2 hippogriffs (D:8)
  A wyvern (D:9)
  3 yaks (IceCv)
  3 wraiths
  A soldier ant (D:11)
  2 hell hounds (D:10)
  2 black bears
  An orc warrior (D:10)
  14 ice beasts
  3 phantoms
  3 wolves (IceCv)
  3 ogres
  A centaur (D:6)
  A crocodile (D:8)
  A big kobold (D:8)
  5 bullfrogs
  A gnoll sergeant (D:6)
  2 scorpions
  5 killer bees (D:8)
  4 howler monkeys
  16 wights
  10 crimson imps
  A quasit (D:10)
  5 hounds
  5 orc wizards
  3 bullfrog skeletons
  2 orc priests (D:6)
  6 jellies
  Natasha (D:4)
  A centaur skeleton (D:6)
  5 worker ants
  A killer bee zombie (D:6)
  2 hound zombies
  2 worker ant zombies
  A howler monkey skeleton (D:5)
  7 gnolls (D:6)
  12 adders
  A shadow imp (D:9)
  10 oozes
  2 adder zombies
  An adder skeleton (D:9)
  3 worms
  2 dart slugs
  4 leopard geckos
  21 orcs
  2 ball pythons
  2 giant cockroaches
  4 goblins (D:3)
  10 hobgoblins
  4 jackals
  4 quokkas
  2 ball python skeletons (Ossuary)
  7 bats
  6 frilled lizards
  A hobgoblin zombie (Ossuary)
  A jackal skeleton (D:9)
  20 kobolds
  2 kobold zombies (Ossuary)
  A leopard gecko zombie (D:5)
  An orc skeleton (Ossuary)
  2 orc zombies (Ossuary)
  7 rats
275 creatures vanquished.

Vanquished Creatures (collateral kills)
  A centaur (D:6)
1 creature vanquished.

Vanquished Creatures (others)
  6 toadstools (D:2)
6 creatures vanquished.

Grand Total: 282 creatures vanquished

Notes
Turn   | Place    | Note
-------+----------+-------------------------------------------
     0 | D:1      | kaze the Minotaur Berserker began the quest for the Orb.
     0 | D:1      | Reached XP level 1. HP: 19/19 MP: 0/0
   212 | D:1      | Reached skill level 4 in Axes
   216 | D:1      | Reached XP level 2. HP: 11/27 MP: 1/1
   977 | D:2      | Reached XP level 3. HP: 32/33 MP: 2/2
  1135 | D:2      | Reached ** piety under Trog
  1331 | D:2      | Reached XP level 4. HP: 37/41 MP: 3/3
  1337 | D:2      | Reached skill level 5 in Axes
  1434 | D:2      | Reached XP level 5. HP: 34/47 MP: 4/4
  1577 | D:3      | Found an iron altar of Okawaru.
  1589 | D:3      | Reached skill level 6 in Axes
  1662 | D:3      | Reached XP level 6. HP: 32/55 MP: 5/5
  1760 | D:3      | Reached *** piety under Trog
  1760 | D:3      | Reached skill level 5 in Fighting
  1851 | D:3      | Found a sacrificial altar of Ru.
  1853 | D:3      | Found an ancient bone altar of Kikubaaqudgha.
  1856 | D:3      | Found a blossoming altar of Fedhas.
  2239 | D:4      | Reached skill level 7 in Axes
  2455 | D:4      | Found a glowing silver altar of Zin.
  2598 | D:4      | Noticed gobwax's ghost (amateur DrCj)
  2617 | D:4      | Killed gobwax's ghost
  2617 | D:4      | Reached XP level 7. HP: 39/62 MP: 6/6
  2669 | D:4      | Found a staircase to the Ecumenical Temple.
  2704 | D:4      | Noticed Natasha
  2713 | D:4      | Killed Natasha
  2872 | D:5      | Entered Level 5 of the Dungeon
  2891 | D:5      | Reached skill level 8 in Axes
  3307 | D:5      | Reached skill level 5 in Armour
  3355 | D:5      | Found Holl's Book Shop.
  3720 | D:5      | Reached **** piety under Trog
  3810 | D:5      | Reached XP level 8. HP: 67/71 MP: 7/7
  3953 | D:6      | Reached skill level 9 in Axes
  4038 | D:6      | Found a sand-covered staircase.
  4049 | Ossuary  | Entered an ossuary
  4143 | Ossuary  | Noticed a flying skull
  4150 | Ossuary  | Noticed a flying skull
  4154 | Ossuary  | Noticed a flying skull
  4159 | Ossuary  | Noticed dxctxrx's ghost (novice DENe)
  4167 | Ossuary  | Killed dxctxrx's ghost
  4167 | Ossuary  | Reached skill level 1 in Stealth
  4187 | Ossuary  | Noticed a flying skull
  4253 | Ossuary  | Reached skill level 10 in Axes
  4269 | Ossuary  | Reached XP level 9. HP: 74/79 MP: 8/8
  4406 | D:6      | Found an iron altar of Okawaru.
  4685 | D:7      | Reached skill level 11 in Axes
  4687 | D:7      | Found Buehukk's General Store.
  4691 | D:7      | Paralysed by a hornet for 2 turns
  4716 | D:7      | Found a shadowy altar of Dithmenos.
  4761 | D:7      | Found a deep blue altar of Sif Muna.
  4925 | D:7      | Found Xola's Jewellery Shop.
  4980 | D:7      | Noticed hilaritas's ghost (novice DEEE)
  4984 | D:7      | Killed hilaritas's ghost
  5015 | D:7      | Reached skill level 12 in Axes
  5262 | D:8      | Reached XP level 10. HP: 88/88 MP: 9/9
  5367 | D:8      | Reached ***** piety under Trog
  5571 | D:8      | Noticed a two-headed ogre
  5580 | D:8      | Killed a two-headed ogre
  5580 | D:8      | Reached skill level 13 in Axes
  5981 | D:9      | Noticed a two-headed ogre
  5985 | D:9      | Killed a two-headed ogre
  6014 | D:9      | Reached skill level 10 in Armour
  6018 | D:9      | Received a gift from Trog
  6033 | D:9      | Noticed a two-headed ogre
  6039 | D:9      | Killed a two-headed ogre
  6039 | D:9      | Reached skill level 14 in Axes
  6487 | D:9      | Found a stormy altar of Qazlal.
  6514 | D:9      | Found a staircase to the Orcish Mines.
  6833 | D:9      | Noticed Psyche
  6957 | D:10     | Entered Level 10 of the Dungeon
  6957 | D:10     | Noticed TepidLee's ghost (journeyman MiFi)
  6968 | D:10     | Killed TepidLee's ghost
  6968 | D:10     | Reached XP level 11. HP: 60/99 MP: 10/10
  7324 | D:10     | Noticed a two-headed ogre
  7333 | D:10     | Killed a two-headed ogre
  7333 | D:10     | Reached skill level 10 in Fighting
  7336 | D:10     | Found a staircase to the Lair.
  7647 | D:10     | Noticed Nergalle
  7668 | D:10     | Killed Nergalle
  7879 | D:10     | Noticed a two-headed ogre
  7888 | D:10     | Killed a two-headed ogre
  7975 | D:10     | Killed an unseen horror
  7975 | D:10     | Reached skill level 15 in Axes
  8430 | D:11     | Got an ancient scale mail
  8444 | D:11     | Identified the +1 scale mail of the Serpent {Dex+3} (You found it on level 11 of the Dungeon)
  8471 | D:11     | Found a frozen archway.
  8499 | IceCv    | Entered an ice cave
  8505 | IceCv    | Received a gift from Trog
  8541 | IceCv    | HP: 5/102 [polar bear (4)]
  8544 | IceCv    | HP: 2/102 [polar bear (14)]
  8546 | IceCv    | Slain by a polar bear

Skill      XL: |  1  2  3  4  5  6  7  8  9 10 11 |
---------------+----------------------------------+-----
Axes           | 4 5 6 7 8 10 12 14 15 | 15.6
Fighting       | 4 5 6 7 8 9 11 | 11.4
Dodging        | 3 4 |  4.4
Armour         | 3 5 7 8 10 11 | 11.4
Stealth        | 1 |  1.5

Action                   |  1- 3 |  4- 6 |  7- 9 | 10-12 || total
-------------------------+-------+-------+-------+-------++-------
Melee: Hand axe          |   101 |   188 |   113 |       ||   402
       Headbutt          |    12 |    30 |    45 |    65 ||   152
       War axe           |       |       |   134 |   269 ||   403
       Broad axe         |       |       |       |    25 ||    25
Invok: Berserk           |       |     2 |     3 |     4 ||     9
       Trog's Hand       |       |     1 |     5 |     5 ||    11
       Brothers in Arms  |       |       |     1 |       ||     1
  Use: Scroll            |       |     4 |     5 |     5 ||    14
       Potion            |       |       |     6 |     3 ||     9
  Eat: Chunk             |     1 |     3 |     4 |    14 ||    22
       Bread ration      |       |     1 |     2 |     1 ||     4
Armor: Animal skin       |    13 |       |       |       ||    13
       Plate armour      |    16 |   127 |   152 |   205 ||   500
Dodge: Dodged            |    72 |    72 |    87 |   118 ||   349
